 Dungeon Crawl Stone Soup version 0.31.0-1-g2c135a0 (webtiles) character file.

Game seed: 17508757715881443945

846197 Zagger the Wishgranter (level 27, -1/228 HPs)
             Began as a Djinni Fire Elementalist on Jan 27, 2024.
             Was the Champion of Makhleb.
             Killed by arc of chain lightning (10 damage)
             ... on level 7 of Cocytus.
             The game lasted 02:06:06 (71725 turns).

Zagger the Wishgranter (Djinni Fire Elementalist)  Turns: 71725, Time: 02:06:06

Health: -1/228     AC: 11    Str:  7    XL:     27
Gold:   9144       EV: 22    Int: 32    God:    Makhleb [******] SH: 23 Dex: 10

rFire   + + +        Y - +2 demon whip of a wizard's laboratory {spect, *Corrode rN+++ Will+++ Int-5}
rCold   + + .        w - +1 kite shield of Vehan {rElec rPois Dex-2}
rNeg    + + +        t - +4 skin of Zhor {*Englaciate rC+++ SInv}
rPois   ∞            y - +2 hat
rElec   +            X - +2 cloak {rCorr}
rCorr   +            z - +2 pair of gloves {Stlth+}
SInv    +            (boots unavailable)
Will    +++++        g - amulet of Meohirph {Reflect *Corrode rElec rF+ rN+ SH+5}
Stlth   +++++++++    N - ring of the Mage {Wiz Archmagi}
HPRegen 0.58/turn    S - ring of Jiewaz {Will++ Int+6}
MPRegen 0.00/turn

%: corrode self (6%), reflection, wizardry (x1), archmagi, infuse magic (-2 HP)
@: corroded, flying, studying 6 skills, unable to drink
A: sickness immunity, fire resistance 2, cold vulnerability 1, float, innate
caster, HP casting, extra vitality 1, clumsy 1, sturdy frame 1
}: 4/15 runes: decaying, serpentine, slimy, silver
a: Renounce Religion, Minor Destruction, Lesser Servant of Makhleb, Major
Destruction, Greater Servant of Makhleb


You were on level 7 of Cocytus.
You worshipped Makhleb.
Makhleb was exalted by your worship.
You visited 15 branches of the dungeon, and saw 61 of its levels.
You completed 1 ziggurat, and saw 27 of its levels.
You also visited: Trove and Ice Cave.

You collected 10143 gold pieces.
You spent 999 gold pieces at shops.

Inventory:

Hand Weapons
 Y - the +2 demon whip of a wizard's laboratory (weapon) {spect, *Corrode rN+++ Will+++ Int-5}
   (You found it on level 3 of the Elven Halls)

   Int-5:     It affects your intelligence (-5).
   rN+++:     It renders you almost immune to negative energy.
   Will+++:   It greatly increases your willpower.
   *Corrode:  It may corrode you when you take damage.
Armour
 t - the +4 skin of Zhor (worn) {*Englaciate rC+++ SInv}
   (You found it in an ice cave)

   *Englaciate: It radiates cold, occasionally slowing all nearby creatures who
   are not resistant to cold.
   rC+++:     It renders you almost immune to cold.
   SInv:      It lets you see invisible.
 w - the +1 kite shield of Vehan (worn) {rElec rPois Dex-2}
   (You took it off Donald on level 1 of the Crypt)

   Dex-2:     It affects your dexterity (-2).
   rElec:     It insulates you from electricity.
   rPois:     It protects you from poison
 y - a +2 hat (worn)
 z - a +2 pair of gloves of stealth (worn)
 X - a +2 cloak of preservation (worn)
Jewellery
 g - the amulet of Meohirph (around neck) {Reflect *Corrode rElec rF+ rN+ SH+5}
   (You found it on level 5 of a ziggurat)

   [amulet of reflection]

   Reflect:   It reflects blocked missile attacks.
   rF+:       It protects you from fire.
   rElec:     It insulates you from electricity.
   rN+:       It protects you from negative energy.
   *Corrode:  It may corrode you when you take damage.
   SH+5:      It affects your SH (+5).
 B - the macabre finger necklace {Finger+ rN+}
   (You took it off a vault warden on level 5 of the Vaults)

   [amulet of nothing]

   Finger+:   It enables you to equip an extra ring.
   rN+:       It protects you from negative energy.
 N - the ring of the Mage (left hand) {Wiz Archmagi}
   (You took it off a vampire knight on level 2 of the Crypt)

   [ring of wizardry]

   Wiz:       It improves your spell success rate.
   Archmagi:  It increases the power of your magical spells.
 S - the ring of Jiewaz (right hand) {Will++ Int+6}
   (You found it on level 1 of the Depths)

   [ring of intelligence]

   Int+6:     It affects your intelligence (+6).
   Will++:    It greatly increases your willpower.
Wands
 k - a wand of polymorph (37)
 l - a wand of mindburst (75)
 o - a wand of digging (57)
 r - a wand of paralysis (127)
 v - a wand of acid (117)
 A - a wand of flame (229)
 E - a wand of roots (130)
Scrolls
 b - 13 scrolls of revelation
 d - 23 scrolls of fog
 e - 6 scrolls of butterflies
 f - 11 scrolls of poison
 q - 18 scrolls of immolation
 s - 10 scrolls of enchant armour
 u - 9 scrolls of blinking
 C - 47 scrolls of teleportation
 F - 6 scrolls of fear
Potions
 a - 6 potions of enlightenment
 h - a potion of attraction
 j - 4 potions of ambrosia
 m - 39 potions of curing
 n - 10 potions of haste
 p - 3 potions of invisibility
 x - 12 potions of cancellation
 D - 11 potions of heal wounds
 I - 22 potions of mutation
 J - 5 potions of resistance
 O - 3 potions of lignification
 Z - 4 potions of brilliance


   Skills:
 O Level 27 Fighting
 + Level 6.4 Armour
 O Level 27 Dodging
 + Level 23.1 Stealth
 O Level 27 Shields
 O Level 27 Spellcasting
 O Level 27 Conjurations
 O Level 27 Hexes
 O Level 27 Summonings
 O Level 27 Necromancy
 O Level 27 Translocations
 O Level 27 Fire Magic
 O Level 27 Ice Magic
 O Level 27 Air Magic
 O Level 27 Earth Magic
 O Level 27 Alchemy
 + Level 10.4 Evocations


You knew the following spells:

 Your Spells              Type           Power      Damage    Failure   Level
a - Foxfire               Conj/Fire      100%       2x1d9     0%          1
b - Scorch                Fire           100%       2d9       0%          2
c - Volatile Blastmotes   Fire/Tloc      100%       2d18      0%          3
d - Inner Flame           Hex/Fire       100%       N/A       0%          3
e - Flame Wave            Conj/Fire      100%       2d21      0%          4
f - Kiss of Death         Conj/Necr      100%       2d13      0%          1
g - Jinxbite              Hex            100%       N/A       0%          2
h - Tukima's Dance        Hex            100%       N/A       0%          3
i - Leda's Liquefaction   Alch/Erth      72%        N/A       0%          4
j - Ignite Poison         Fire/Alch      100%       N/A       0%          4
k - Irradiate             Conj/Alch      72%        3d35      0%          5
l - Dispersal             Tloc           72%        N/A       0%          6
m - Plasma Beam           Fire/Air       72%        2x1d89    0%          6
n - Conjure Ball Lightni  Conj/Air       72%        3x3d27    0%          6
o - Infestation           Necr           72%        N/A       1%          8
p - Lehudib's Crystal Sp  Conj/Erth      72%        10d16     1%          8
q - Fire Storm            Conj/Fire      72%        8d18      1%          9
r - Chain Lightning       Conj/Air       72%        3d96      1%          9
Your spell library was empty.

Dungeon Overview and Level Annotations

Branches:
Dungeon (15/15)            Temple (1/1) D:4            Lair (5/5) D:9
  Swamp (4/4) Lair:2        Snake (4/4) Lair:2        Slime (5/5) Lair:5
    Orc (2/2) D:10            Elf (3/3) Orc:2        Vaults (5/5) D:13
  Crypt (3/3) Vaults:3       Tomb (1/3) Crypt:3      Depths (4/4) D:15
   Hell (visited)             Dis (0/7) Hell            Geh (1/7) Hell
    Coc (7/7) Hell            Tar (0/7) Hell            Zot (0/5) Depths:4
  IceCv (visited)

Altars:
Ashenzari
Cheibriados
Dithmenos
Elyvilon
Fedhas
Gozag
Hepliaklqana
Makhleb
Nemelex Xobeh
Okawaru
Qazlal
Ru
Trog
Uskayaw
Wu Jian
Xom
Yredelemnul
Zin
The Shining One
Jiyva

Shops:
D:6 (   D:9 [?*!   Orc:1 :   Orc:2 *=*(   Elf:2 *!   Elf:3 [[   Snake:1 (
Snake:2 (   Vaults:1 (   Vaults:2 (   Vaults:3 [   Crypt:2 *   Depths:2 (

Portals:
Hell: Lair:5 Depths:1 Depths:2 Depths:3 Depths:4
Abyss: Depths:3 Depths:4
Pandemonium: Depths:1 Depths:2

Annotations:
D:5 2 transporters
Swamp:1 1 runed translucent door, Yah's ghost, journeyman GrFi
Swamp:3 exclusion: 3 lightning spires
Crypt:2 3 runed translucent doors, exclusion: obsidian statue, Ulecsuczon's ghost, veteran MiGl
Depths:2 1 runed translucent door, WeeknightWizard's ghost, veteran DEFE
Depths:4 6 runed translucent doors


Innate Abilities, Weirdness & Mutations

You are immune to sickness and miasma.
You are immune to poison.
Your flesh is very heat resistant. (rF++)
You are vulnerable to cold. (rC-)
You float through the air rather than walking.
You learn spells naturally, not from books.
Your magical power is your life essence.
You have superior vitality. (+4 MHP)
You are clumsy. (Dex -2)
Your movements are slightly less encumbered by armour. (ER -2)


Message History

Okay, then.
Casting: Fire Storm (mildly dangerous; 1% risk of failure)
Confirm with . or Enter, or press ? or * to list all spells.
Okay, then.
Casting: Fire Storm (mildly dangerous; 1% risk of failure)
Confirm with . or Enter, or press ? or * to list all spells.
You feel a surge of power! Lightning arcs from your hands!
The bolt of lightning hits the Ice Fiend!!!!
You kill the Ice Fiend!
Makhleb accepts your kill. The bolt of lightning hits you! You resist.
* * * LOW HITPOINT WARNING * * *
x2 You hear a howl!
The Ice Fiend gestures at you. The bolt of cold misses you.
Casting: Chain Lightning (mildly dangerous; 1% risk of failure)
Confirm with . or Enter, or press ? or * to list all spells.
Aiming: Fire Storm (mildly dangerous; 1% risk of failure)
Press: ? - help, Dir - move target, f - Ice Fiend
Aim: an Ice Fiend (water)
You feel a surge of power!
A raging storm of fire appears!
The great blast of fire engulfs the Ice Fiend!!!!
The Ice Fiend is burned terribly!
The Ice Fiend is almost dead.
You hear a sizzling sound! x2
* * * LOW HITPOINT WARNING * * *
You are engulfed in freezing vapours.
You resist.
* * * LOW HITPOINT WARNING * * *
Makhleb accepts your kill.
You feel better.
You feel a bit more experienced.
The Ice Fiend is engulfed in a cloud of scalding steam.
The Ice Fiend gestures at you. The bolt of cold misses you.
Casting: Fire Storm (mildly dangerous; 1% risk of failure)
Confirm with . or Enter, or press ? or * to list all spells.
You feel a surge of power! Lightning arcs from your hands!
The bolt of lightning hits the shard shrike!!!!
The shard shrike is almost dead.
The bolt of lightning hits you! You resist.
You die...

...###'###...≈≈≈≈≈≈≈
≈.......○°☼.○≈≈≈≈≈≈≈≈
≈≈≈......v○≈§≈≈≈≈≈≈≈≈
≈≈≈≈≈≈≈≈≈§1§§≈≈≈≈≈≈≈≈
≈≈≈≈≈≈≈≈§§§○§≈≈≈≈≈≈§≈
≈≈≈≈≈≈≈≈§§§○§≈≈≈§§≈§.
≈≈≈≈≈≈≈≈≈≈≈≈°≈≈≈§≈≈≈§
≈≈≈≈≈≈≈≈≈≈≈≈°≈≈≈≈§§≈≈
≈≈≈≈≈≈≈≈≈≈≈≈@≈≈§§≈≈≈
≈≈≈≈≈≈≈≈≈≈≈≈≈≈≈≈≈§
≈≈≈≈≈≈≈≈≈≈≈≈≈≈§§§
≈≈≈≈≈≈≈≈b≈≈≈≈≈≈≈
≈≈≈≈≈≈≈≈≈≈≈≈≈≈≈
≈≈≈≈≈≈≈≈≈≈≈≈≈≈≈
≈≈≈≈≈≈≈≈≈≈≈≈≈..
≈≈≈≈≈≈.≈.......
≈≈≈≈≈..........


You could see a shard shrike, an Ice Fiend and a friendly fire vortex.

Vanquished Creatures
  the Royal Jelly (Slime:5)
  7 dread liches
  5 ancient liches
  Khufu (Crypt:1)
  Mara (Snake:3)
  4 juggernauts (Depths:3)
  2 pandemonium lords
  Xtahua (Vaults:3)
  6 royal mummies
  Boris (thrice) (Depths:4 Crypt:3 Vaults:5)
  10 shard shrikes
  Saint Roka (Vaults:1)
  Geryon (Hell)
  Margery (Crypt:2)
  3 caustic shrikes
  Nikola (Swamp:4)
  5 golden dragons
  Norris (Depths:1)
  3 bone dragons
  3 profane servitors
  9 Brimstone Fiends
  4 electric golems (Zig:18)
  4 Tzitzimimeh
  2 iron giants (Zig:11)
  9 Hell Sentinels
  2 doom hounds (Hell)
  4 hellephants
  25 Ice Fiends
  16 tentacled monstrosities
  9 liches
  A walking earthen tome (Depths:2)
  2 deep elf blademasters (Elf:3)
  2 deep elf master archers (Elf:3)
  9 searing wretches
  12 sphinxes
  4 tentacled starspawn (Zig:20)
  2 quicksilver dragons
  4 Executioners
  16 acid blobs
  20 titans
  8 ancient champions
  4 thorn hunters
  9 shadow dragons
  Gastronok (D:9)
  Murray (Hell)
  Kirke (Lair:3)
  The ghost of Zenkrye the Severer, an adept HOFi of Beogh (Swamp:4)
  Agnes (D:14)
  Aizul (Snake:3)
  Donald (Crypt:1)
  13 revenants
  9 azure jellies
  5 narguns
  2 emperor scorpions
  6 tengu reavers
  11 storm dragons
  9 fenstrider witches
  A draconian monk (Zig:4)
  41 nagarajas
  10 rockslimes
  6 fire giants
  15 balrugs
  A draconian scorcher (Zig:4)
  27 frost giants
  4 quicksilver elementals (Zig:11)
  A draconian stormcaller (Depths:4)
  2 deep elf sorcerers
  5 iron dragons
  10 curse skulls
  12 vault wardens
  7 demonspawn warmongers
  2 draconian shifters (Depths:4)
  2 deep elf elementalists (Elf:3)
  4 demonspawn corrupters
  27 ghost moths
  A juggernaut zombie (Zig:12)
  9 reapers
  18 orc warlords
  2 angels (Depths:3)
  2 draconian annihilators
  18 shard shrike simulacra
  8 formless jellyfish
  5 cacodemons
  6 ghouls
  2 broodmothers (Zig:23)
  17 quicksilver oozes
  6 ironbound thunderhulks
  2 caustic shrike skeletons
  6 demonspawn blood saints
  18 very ugly things
  5 spriggan defenders
  A green draconian (Depths:4)
  24 elemental wellsprings
  20 ironbound preservers
  8 demonspawn black suns
  11 deep elf death magi
  7 deep elf annihilators
  6 bunyips
  11 dire elephants
  8 deep elf demonologists
  17 vampire knights
  18 stone giants
  3 war gargoyles
  6 white draconians (Depths:4)
  Azrael (Elf:2)
  2 lorocyprocas
  2 red draconians
  6 eleionomae
  A minotaur (Lair:4)
  4 yellow draconians
  3 purple draconians
  8 spark wasps
  3 black draconians (Depths:4)
  16 wendigos
  12 eidola
  7 merfolk javelineers
  10 ettins
  5 green deaths
  3 merfolk impalers
  5 shambling mangroves
  11 mummy priests
  Snorg (D:11)
  6 iron golems
  Josephine (D:13)
  7 deep elf high priests
  8 entropy weavers
  6 blizzard demons
  6 fire dragons
  14 yaktaur captains
  3 crystal guardians
  An entropy weaver (shapeshifter) (Vaults:5)
  The ghost of brinewave the Fighter, a journeyman MiFi of Jiyva (Lair:4)
  2 spriggan zombies
  32 jiangshi
  26 hydras
  4 peacekeepers
  2 rakshasas
  34 salamander tyrants
  30 vault guards
  12 great orbs of eyes
  A fenstrider witch zombie (Hell)
  A catoblepas (Zig:13)
  15 ice dragons
  7 centaur warriors
  4 hell beasts
  3 ghost crabs
  2 jorogumos (Zig:23)
  12 juggernaut simulacra
  A stoker (Hell)
  11 caustic shrike simulacra
  20 anacondas
  3 merfolk avatars
  A spriggan skeleton (Crypt:3)
  3 death knights
  16 alligators
  16 spriggan air magi
  3 radroaches
  9 boulder beetles
  5 ogre magi
  6 merfolk aquamancers
  3 ironbound frosthearts (Vaults:4)
  A satyr (Zig:19)
  6 two-headed ogres
  8 deep troll shamans
  3 alligator snapping turtles
  38 dancing weapons
  21 naga sharpshooters
  27 naga warriors
  37 death scarabs
  7 demonic crawlers
  8 death yaks
  4 deep troll earth magi
  6 tengu warriors
  13 hell hogs
  13 vampire magi
  6 spriggan berserkers
  6 occultists
  28 shock serpents
  7 thrashing horrors (Zig:20)
  17 orc high priests
  A titan zombie (Hell)
  Sonja (Orc:2)
  2 salamander mystics (Zig:27)
  11 sun demons
  3 wretched stars (Zig:20)
  26 deep elf knights
  9 soul eaters
  5 hell knights
  8 shadow wraiths
  A spark wasp zombie (Depths:1)
  34 skeletal warriors
  A sixfirhy (Zig:25)
  8 iron trolls
  2 crystal echidnas
  A sea snake (shapeshifter) (Vaults:2)
  10 skysharks
  8 goliath frogs
  12 bog bodies
  7 pharaoh ants (Zig:23)
  2 spatial maelstroms (Zig:20)
  10 naga ritualists
  4 orb spiders
  17 mana vipers
  16 sea snakes
  16 spriggan druids
  9 swamp dragons
  Lodul (D:14)
  10 flayed ghosts
  A glowing orange brain (shapeshifter) (Depths:2)
  40 deep trolls
  A sun moth (Zig:23)
  8 quicksilver dragon simulacra
  11 arcanists
  A death drake (Zig:16)
  4 shadow demons
  5 spriggan simulacra
  A steelbarb worm (shapeshifter) (Vaults:5)
  19 ironbound convokers
  5 orange crystal statues
  An obsidian statue (Zig:15)
  15 deep elf archers
  36 deep elf pyromancers
  12 phantasmal warriors
  A golden dragon skeleton (Depths:1)
  6 glowing orange brains
  11 lindwurms
  16 orc knights
  8 necromancers
  45 deep elf zephyrmancers
  2 harpies
  3 steelbarb worms (Zig:23)
  A wolf spider (shapeshifter) (Depths:4)
  10 manticores
  5 wolf spiders (Zig:23)
  9 starcursed masses (Zig:20)
  A tengu skeleton (Zig:12)
  2 frost giant zombies (Zig:12)
  7 large abominations
  A shadow dragon skeleton (Hell)
  14 orc sorcerers
  6 shining eyes
  6 will-o-the-wisps
  4 cyclopes
  13 moths of wrath
  A spectral alligator snapping turtle (Crypt:3)
  8 kobold blastminers
  31 ugly things
  13 salamanders
  A cyclops (shapeshifter) (Elf:3)
  5 elephants
  An orc zombie (Hell)
  A meliai (Zig:23)
  28 guardian serpents
  13 vault sentinels
  A stone giant skeleton (Hell)
  A fire giant skeleton (Vaults:3)
  21 water nymphs
  5 rust devils
  2 titan simulacra
  78 black mambas
  2 merfolk sirens
  An apocalypse crab (Zig:20)
  33 naga magi
  A molten gargoyle (Depths:2)
  12 smoke demons
  5 torpor snails
  22 cane toads
  8 ice statues
  An unseen horror (D:13)
  4 orange demons
  2 gargoyles
  20 rime drakes
  A yaktaur (shapeshifter) (Depths:2)
  A kobold demonologist (D:11)
  8 hellions
  22 yaktaurs
  An efreet (Zig:22)
  13 anaconda simulacra
  14 freezing wraiths
  A mana viper skeleton (Crypt:2)
  16 komodo dragons
  3 centaur skeletons
  2 golden dragon simulacra
  2 ancient zymes (Zig:20)
  6 ice devils
  4 tengu conjurers
  13 tormentors
  13 guardian mummies
  A spectral harpy (Crypt:3)
  A catoblepas skeleton (Crypt:1)
  3 red devils
  6 iron giant simulacra
  8 bloated husks
  7 trolls
  4 hellwings
  A harpy zombie (Hell)
  6 merfolk
  30 hornets
  9 tyrant leeches
  2 wind drakes (Zig:15)
  5 raiju
  19 blink frogs
  7 polar bears
  9 dream sheep (Lair:5)
  5 glass eyes
  3 tarantellas (Zig:23)
  A snapping turtle (Snake:1)
  2 iron dragon simulacra
  132 slime creatures
  4 stone giant simulacra
  A slime creature (shapeshifter) (Vaults:5)
  A spriggan (shapeshifter) (Elf:1)
  2 vampires
  Sigmund (D:2)
  A centaur simulacrum (Coc:2)
  5 culicivoras
  A culicivora (shapeshifter) (Vaults:5)
  3 shadows
  5 jumping spiders
  4 air elementals
  7 wyverns
  8 dire elephant simulacra
  A yak (shapeshifter) (Elf:3)
  10 water elementals
  6 ynoxinuls
  3 ettin skeletons
  7 fire elementals
  8 basilisks
  15 wraiths
  6 ushabtiu
  72 yaks
  22 spriggans
  6 golden eyes
  7 wargs
  3 hogs (Lair:3)
  A steam dragon (D:6)
  20 vampire mosquitoes
  3 neqoxecs
  8 redbacks
  44 nagas
  11 swamp worms
  23 harpy simulacra
  A deep troll zombie (Hell)
  3 hydra simulacra
  An acid dragon (D:10)
  20 water moccasins
  A glowing shapeshifter zombie (Vaults:3)
  13 hell hounds
  An entropy weaver zombie (Crypt:1)
  3 human skeletons
  2 glowing shapeshifter skeletons
  11 swamp drakes (Swamp:4)
  2 swamp dragon zombies
  8 ettin simulacra
  A sky beast (D:7)
  5 black bears
  36 ogres
  52 orc warriors
  2 ice beasts
  A boggart (Vaults:1)
  22 laughing skulls
  16 wolves
  17 centaurs
  A phantom (D:6)
  A blink frog skeleton (Crypt:1)
  2 kobold brigands
  3 weeping skulls (Crypt:3)
  2 earth elementals
  5 bullfrogs
  2 gnoll sergeants
  3 small abominations (Crypt:3)
  3 two-headed ogre simulacra
  A cane toad simulacrum (Orc:2)
  6 necrophages
  4 burial acolytes (Crypt:3)
  8 scorpions
  5 wights (D:10)
  5 killer bees (D:10)
  An elephant simulacrum (Orc:2)
  A raiju skeleton (Crypt:2)
  A polar bear skeleton (Crypt:2)
  2 howler monkeys (D:9)
  An electric eel (Lair:5)
  A crimson imp (D:8)
  A human zombie (Crypt:1)
  9 jellies
  15 orc priests
  5 bombardier beetles
  Crazy Yiuf (D:2)
  A bullfrog skeleton (Crypt:1)
  2 gnoll boudas
  4 hounds
  3 sleepcaps
  7 iguanas
  23 orc wizards
  7 hell rats (Hell)
  2 troll simulacra (Orc:2)
  A polar bear simulacrum (Orc:2)
  3 boggart skeletons
  A killer bee zombie (Crypt:2)
  44 mummies
  21 gnolls
  A steam dragon zombie (Crypt:2)
  5 adders
  4 naga simulacra
  4 white imps
  An adder zombie (Crypt:1)
  A lava snake skeleton (Crypt:2)
  2 dart slugs
  2 ribbon worms
  54 orcs
  A bat zombie (Crypt:1)
  4 endoplasms
  5 giant cockroaches
  9 hobgoblins
  11 jackals
  4 quokkas (D:1)
  9 ball pythons
  4 bats
  3 frilled lizards
  5 goblins
  16 kobolds
  A quokka zombie (Crypt:2)
  12 rats
  2 creeping infernos (Geh:1)
  A starspawn tentacle (Zig:20)
3608 creatures vanquished.

Vanquished Creatures (collateral kills)
  An ancient champion (Crypt:1)
  A tentacled starspawn (Zig:20)
  A shadow dragon (Depths:4)
  A revenant (Zig:21)
  A ghost moth (Zig:23)
  A hell beast (Zig:22)
  An ice dragon (Depths:4)
  A rakshasa (Depths:4)
  A radroach (Zig:23)
  A wretched star (Zig:20)
  A deep elf pyromancer (Vaults:5)
  A green draconian zombie (Crypt:1)
  A tormentor (Zig:22)
  A guardian mummy (Crypt:1)
  A jumping spider (Zig:23)
  A dire elephant simulacrum (Coc:7)
  2 starcursed masses (Zig:20)
  2 ball lightnings
  15 foxfires
35 creatures vanquished.

Vanquished Creatures (others)
  A bunyip (Zig:16)
  An eleionoma (Zig:5)
  A shambling mangrove (Swamp:3)
  A juggernaut simulacrum (Coc:6)
  A caustic shrike simulacrum (Coc:7)
  A spriggan druid (Swamp:4)
  A bog body (Zig:5)
  A will-o-the-wisp (Swamp:3)
  A torpor snail (Zig:23)
  An air elemental (Elf:2)
  A dire elephant simulacrum (Coc:3)
  A spriggan (Swamp:4)
  A water elemental (Elf:2)
  A naga (Snake:4)
  2 swamp drakes (Swamp:4)
  59 ball lightnings
  305 fire vortices
  2111 foxfires
  4 starspawn tentacles (Zig:20)
2495 creatures vanquished.

Grand Total: 6138 creatures vanquished

Notes
Turn   | Place    | Note
-------+----------+-------------------------------------------
     0 | D:1      | Zagger the Djinni Fire Elementalist began the quest for the
                  | Orb.
     0 | D:1      | Zagger set off with the following spells memorised:
                  | Foxfire, Scorch, Volatile Blastmotes, Inner Flame, Flame
                  | Wave.
     0 | D:1      | Reached XP level 1. HP: 15/15 MP: 0/0
   107 | D:1      | Reached XP level 2. HP: 19/22 MP: 0/0
   346 | D:1      | Reached XP level 3. HP: 23/26 MP: 0/0
   346 | D:1      | Learned a level 1 spell: Kiss of Death
   483 | D:1      | Reached skill level 1 in Fighting
  1025 | D:1      | Reached XP level 4. HP: 31/33 MP: 0/0
  1769 | D:2      | Noticed Sigmund
  1781 | D:2      | Killed Sigmund
  1782 | D:2      | Reached XP level 5. HP: 30/40 MP: 0/0
  1782 | D:2      | Learned a level 2 spell: Jinxbite
  1782 | D:2      | Reached XP level 6. HP: 35/46 MP: 0/0
  2072 | D:2      | Found a runed translucent door.
  2075 | D:2      | Noticed Crazy Yiuf
  2081 | D:2      | Killed Crazy Yiuf
  2485 | D:3      | Found a faded altar of an unknown god.
  2503 | D:3      | Identified the +6 quarterstaff of Tortfeasance {freeze,
                  | rElec rF- Str+5 Stlth+}
  2731 | D:3      | Reached XP level 7. HP: 48/51 MP: 0/0
  2731 | D:3      | Learned a level 3 spell: Tukima's Dance
  3811 | D:4      | Found a white marble altar of Elyvilon.
  3872 | D:4      | Identified the +3 leather armour "Mymobim" {Harm rElec}
  4352 | D:4      | Found an ornate altar of the Wu Jian Council.
  4481 | D:4      | Found a staircase to the Ecumenical Temple.
  4491 | Temple   | Entered the Ecumenical Temple
  4591 | D:5      | Entered Level 5 of the Dungeon
  4604 | D:5      | Reached skill level 5 in Spellcasting
  4604 | D:5      | Reached skill level 5 in Conjurations
  4604 | D:5      | Reached skill level 5 in Hexes
  4604 | D:5      | Reached skill level 5 in Summonings
  4604 | D:5      | Reached skill level 5 in Necromancy
  4604 | D:5      | Reached skill level 5 in Translocations
  4604 | D:5      | Reached skill level 5 in Fire Magic
  4604 | D:5      | Reached skill level 5 in Ice Magic
  4604 | D:5      | Reached skill level 5 in Air Magic
  4604 | D:5      | Reached skill level 5 in Earth Magic
  4604 | D:5      | Reached skill level 5 in Alchemy
  4661 | D:5      | Found a transporter.
  4673 | D:5      | Found a transporter.
  4870 | D:5      | Reached skill level 1 in Armour
  4870 | D:5      | Reached XP level 8. HP: 51/58 MP: 0/0
  4921 | D:5      | Reached skill level 5 in Fighting
  5160 | D:5      | Noticed a kobold demonologist
  5194 | D:5      | Found a glowing silver altar of Zin.
  5497 | D:6      | Found a bloodstained altar of Trog.
  5681 | D:6      | Identified the amulet of Zenoonlyl {Acrobat Fly rC- Str+4}
  5858 | D:6      | Reached XP level 9. HP: 55/67 MP: 0/0
  5858 | D:6      | Learned a level 4 spell: Leda's Liquefaction
  6331 | D:6      | Found Loblef's Weapon Shop.
  6398 | D:6      | Found a hide-covered altar of Uskayaw.
  7395 | D:7      | Found a stormy altar of Qazlal.
  7644 | D:8      | Reached XP level 10. HP: 60/77 MP: 0/0
  8595 | D:8      | Found a burning altar of Makhleb.
  8692 | D:8      | Became a worshipper of Makhleb the Destroyer
  8717 | D:9      | Found Wotilih's Antique Armour Shoppe.
  8723 | D:9      | Noticed Gastronok
  8735 | D:9      | Killed Gastronok
  8938 | D:9      | Reached skill level 10 in Fighting
  8948 | D:9      | Reached XP level 11. HP: 64/85 MP: 0/0
  8948 | D:9      | Learned a level 4 spell: Ignite Poison
  9096 | D:9      | Found a staircase to the Lair.
  9478 | D:9      | Reached * piety under Makhleb
  9561 | D:9      | Found Bacwymagi's Magic Scroll Boutique.
  9570 | D:9      | Bought a scroll of teleportation for 36 gold pieces
  9570 | D:9      | Bought a scroll of teleportation for 36 gold pieces
  9626 | D:9      | Found Cafeel's Distillery.
  9628 | D:9      | Noticed a tengu warrior
  9631 | D:9      | Killed a tengu warrior
  9692 | D:9      | Bought a potion of heal wounds for 65 gold pieces
  9692 | D:9      | Bought a potion of curing for 39 gold pieces
  9692 | D:9      | Bought a potion of curing for 39 gold pieces
  9692 | D:9      | Bought a potion of curing for 39 gold pieces
  9936 | D:9      | Found Luixopoa's Assorted Antiques.
  9993 | D:9      | Found a basalt altar of Yredelemnul.
 10043 | D:9      | Found a hazy altar of Hepliaklqana.
 10084 | D:10     | Entered Level 10 of the Dungeon
 10195 | D:10     | Reached skill level 10 in Spellcasting
 10195 | D:10     | Reached skill level 10 in Conjurations
 10195 | D:10     | Reached skill level 10 in Hexes
 10195 | D:10     | Reached skill level 10 in Summonings
 10195 | D:10     | Reached skill level 10 in Necromancy
 10195 | D:10     | Reached skill level 10 in Translocations
 10195 | D:10     | Reached skill level 10 in Fire Magic
 10195 | D:10     | Reached skill level 10 in Ice Magic
 10195 | D:10     | Reached skill level 10 in Air Magic
 10195 | D:10     | Reached skill level 10 in Earth Magic
 10195 | D:10     | Reached skill level 10 in Alchemy
 10425 | D:10     | Found a sparkling altar of Nemelex Xobeh.
 10639 | D:10     | Reached XP level 12. HP: 68/94 MP: 0/0
 11002 | D:10     | Found a staircase to the Orcish Mines.
 11167 | D:10     | Found a broken altar of Ashenzari.
 11172 | D:10     | Gained mutation: You have a pair of small antennae on your
                  | head. [potion of mutation]
 11172 | D:10     | Gained mutation: You occasionally lose the ability to drink
                  | potions when taking damage. [potion of mutation]
 11374 | Lair:1   | Entered Level 1 of the Lair of Beasts
 11496 | Lair:1   | Reached ** piety under Makhleb
 12795 | Lair:2   | Reached *** piety under Makhleb
 12865 | Lair:2   | Reached XP level 13. HP: 93/103 MP: 0/0
 12865 | Lair:2   | Learned a level 5 spell: Irradiate
 12885 | Lair:2   | Found a staircase to the Swamp.
 13099 | Lair:2   | Found a staircase to the Snake Pit.
 13599 | Lair:3   | Noticed a five-headed hydra
 13605 | Lair:3   | Killed a five-headed hydra
 13794 | Lair:3   | Noticed Kirke
 13804 | Lair:3   | Killed Kirke
 13815 | Lair:3   | Reached **** piety under Makhleb
 14623 | Lair:4   | Noticed an eight-headed hydra
 14630 | Lair:4   | Killed an eight-headed hydra
 14695 | Lair:4   | Noticed brinewave's ghost (journeyman MiFi)
 14706 | Lair:4   | Found a runed translucent gate.
 14706 | Lair:4   | Found a runed translucent gate.
 14706 | Lair:4   | Found a runed translucent gate.
 14706 | Lair:4   | Noticed a minotaur
 14858 | Lair:4   | Reached XP level 14. HP: 107/112 MP: 0/0
 15373 | Lair:4   | Reached skill level 15 in Fighting
 15767 | Lair:5   | Entered Level 5 of the Lair of Beasts
 16040 | Lair:5   | Reached ***** piety under Makhleb
 16239 | Lair:5   | Identified the +3 shortbow of Beogh {drain, rF+ rC- rN+}
 16615 | Lair:5   | Found a viscous altar of Jiyva.
 16616 | Lair:5   | Found a staircase to the Slime Pits.
 17012 | Lair:5   | Found a burning altar of Makhleb.
 17168 | Lair:5   | Reached XP level 15. HP: 111/121 MP: 0/0
 17168 | Lair:5   | Learned a level 6 spell: Dispersal
 17236 | Lair:5   | Found a gateway to Hell.
 17243 | Lair:5   | Identified the +0 plate armour "Fanul" {Int+3 Stlth+}
 17784 | D:11     | Found a portal to a secret trove of treasure.
 17785 | D:11     | Noticed Snorg
 17789 | D:11     | Killed Snorg
 18632 | D:12     | Identified the +1 ring mail of Autotheism {-Tele rPois
                  | Str+3}
 19173 | D:12     | Identified the ring of Eze Pote {rC+ Str+4 Dex+6}
 19719 | D:13     | Reached skill level 5 in Armour
 19808 | D:13     | Reached skill level 15 in Spellcasting
 19808 | D:13     | Reached skill level 15 in Conjurations
 19808 | D:13     | Reached skill level 15 in Hexes
 19808 | D:13     | Reached skill level 15 in Summonings
 19808 | D:13     | Reached skill level 15 in Necromancy
 19808 | D:13     | Reached skill level 15 in Translocations
 19808 | D:13     | Reached skill level 15 in Fire Magic
 19808 | D:13     | Reached skill level 15 in Ice Magic
 19808 | D:13     | Reached skill level 15 in Air Magic
 19808 | D:13     | Reached skill level 15 in Earth Magic
 19808 | D:13     | Reached skill level 15 in Alchemy
 19924 | D:13     | Noticed Josephine
 19930 | D:13     | Killed Josephine
 20607 | D:13     | Found a gate to the Vaults.
 20929 | D:14     | Found a sacrificial altar of Ru.
 21053 | D:14     | Noticed Lodul
 21063 | D:14     | Killed Lodul
 21063 | D:14     | Reached ****** piety under Makhleb
 21173 | D:14     | Noticed Agnes
 21560 | D:14     | Killed Agnes
 21562 | D:14     | Reached XP level 16. HP: 64/120 MP: 0/0
 21712 | D:14     | Found a snail-covered altar of Cheibriados.
 21930 | D:15     | Entered Level 15 of the Dungeon
 22416 | D:15     | Found a staircase to the Depths.
 22945 | Orc:1    | Entered Level 1 of the Orcish Mines
 22967 | Orc:1    | Found Omuloaq's Book Emporium.
 23163 | Orc:2    | Entered Level 2 of the Orcish Mines
 23299 | Orc:2    | Noticed Sonja
 23306 | Orc:2    | Killed Sonja
 23430 | Orc:2    | Reached skill level 1 in Shields
 23540 | Orc:2    | Found a staircase to the Elven Halls.
 23668 | Orc:2    | Found a frozen archway.
 23681 | IceCv    | Entered an ice cave
 23935 | IceCv    | Found the +4 skin of Zhor {*Englaciate rC+++ SInv}
 23993 | IceCv    | Noticed a frost giant
 24007 | IceCv    | Killed a frost giant
 24798 | Orc:2    | Found Moget's Assorted Antiques.
 24798 | Orc:2    | Found Rauc's Jewellery Emporium.
 24798 | Orc:2    | Found Gutaohav's General Store.
 24801 | Orc:2    | Found Zikhamuig's Antique Weapon Boutique.
 24806 | Orc:2    | Bought the ring of Tafae {Fire rElec MP-9 Slay+3} for 457
                  | gold pieces
 25316 | Swamp:1  | Entered Level 1 of the Swamp
 25429 | Swamp:1  | Reached skill level 5 in Dodging
 25429 | Swamp:1  | Reached XP level 17. HP: 112/139 MP: 0/0
 25429 | Swamp:1  | Learned a level 6 spell: Plasma Beam
 25667 | Swamp:1  | Found a runed translucent door.
 25675 | Swamp:1  | Noticed Yah's ghost (journeyman GrFi)
 26654 | Swamp:3  | Noticed a thorn hunter
 26656 | Swamp:3  | Killed a thorn hunter
 27044 | Swamp:3  | Noticed a tentacled monstrosity
 27051 | Swamp:3  | Killed a tentacled monstrosity
 27837 | Swamp:4  | Entered Level 4 of the Swamp
 27847 | Swamp:4  | Noticed Nikola
 28110 | Swamp:4  | Reached XP level 18. HP: 148/148 MP: 0/0
 28354 | Swamp:4  | Killed Nikola
 28662 | Swamp:4  | Got a decaying rune of Zot
 28783 | Swamp:4  | Found a runed translucent door.
 28809 | Swamp:4  | Identified the +9 spear of Zaqiosku {spect, rCorr Str+4}
 28813 | Swamp:4  | Noticed Zenkrye's ghost (adept HOFi)
 29070 | Snake:1  | Entered Level 1 of the Snake Pit
 29721 | Snake:1  | Found Geunyist's Weapon Shop.
 30538 | Snake:2  | Reached XP level 19. HP: 153/156 MP: 0/0
 30538 | Snake:2  | Learned a level 6 spell: Conjure Ball Lightning
 30843 | Snake:2  | Found Syddiheg's Weapon Boutique.
 31453 | Snake:3  | Identified the serpent talisman "Bollor" {Will+}
 31453 | Snake:3  | Noticed Aizul
 31462 | Snake:3  | Killed Aizul
 31612 | Snake:3  | Noticed Mara
 31915 | Snake:3  | Killed Mara
 32400 | Snake:4  | Entered Level 4 of the Snake Pit
 32963 | Snake:4  | Identified the +1 robe of the Eternal Void {rC- rN++ Str+4
                  | SInv}
 33346 | Snake:4  | Reached XP level 20. HP: 166/166 MP: 0/0
 33673 | Snake:4  | Got a serpentine rune of Zot
 34016 | Vaults:1 | Entered Level 1 of the Vaults
 34429 | Vaults:1 | Found Wihon's Weapon Boutique.
 34826 | Vaults:1 | Noticed Saint Roka
 34829 | Vaults:1 | Killed Saint Roka
 35646 | Vaults:2 | Reached XP level 21. HP: 140/173 MP: 0/0
 35646 | Vaults:2 | Learned a level 8 spell: Infestation
 35966 | Elf:1    | Entered Level 1 of the Elven Halls
 36973 | Depths:1 | Entered Level 1 of the Depths
 37184 | Depths:1 | Noticed Norris
 37194 | Depths:1 | Killed Norris
 37419 | Depths:1 | Identified the ring of Jiewaz {Will++ Int+6}
 37724 | Depths:1 | Found a one-way gate leading to the halls of Pandemonium.
 38156 | Depths:1 | You are sucked into a shaft and drop 1 floor!
 38182 | Depths:2 | Reached XP level 22. HP: 178/182 MP: 0/0
 38441 | Depths:2 | Identified the +4 mace of Articulation {protect, Fly Will+
                  | Int-3 SInv}
 38870 | Depths:2 | Noticed WeeknightWizard's ghost (veteran DEFE)
 38872 | Depths:2 | Found a runed translucent door.
 39067 | Depths:2 | Found Puipt's Weapon Shoppe.
 39565 | Depths:3 | Noticed a juggernaut
 39569 | Depths:3 | Killed a juggernaut
 39575 | Depths:3 | Noticed a golden dragon
 39582 | Depths:3 | Killed a golden dragon
 39619 | Depths:3 | Noticed a juggernaut
 39622 | Depths:3 | Killed a juggernaut
 39640 | Depths:3 | Noticed a juggernaut
 39644 | Depths:3 | Killed a juggernaut
 39747 | Depths:3 | Found a one-way gate to the infinite horrors of the Abyss.
 39866 | Depths:3 | Reached XP level 23. HP: 189/190 MP: 0/0
 39866 | Depths:3 | Learned a level 8 spell: Lehudib's Crystal Spear
 40612 | Vaults:2 | Found Miblot's Weapon Emporium.
 41020 | Vaults:3 | Found Houggew's Armour Shop.
 41251 | Vaults:3 | Noticed Xtahua
 41258 | Vaults:3 | Killed Xtahua
 41474 | Vaults:3 | Found a staircase to the Crypt.
 41475 | Vaults:3 | Found a basalt altar of Yredelemnul.
 42216 | D:11     | You paid a toll of a +7 demon whip to enter a treasure
                  | trove
 42217 | Trove    | Entered a treasure trove
 42248 | Trove    | Identified the amulet "Rixazat" {RegenMP rPois rF++ rCorr}
 42254 | Trove    | Identified the amulet of Foolhardiness {Reflect Str-2 Dex+8
                  | SH+5}
 43579 | Vaults:4 | Noticed an ancient lich
 43635 | Vaults:4 | Killed an ancient lich
 43636 | Vaults:4 | Reached XP level 24. HP: 43/199 MP: 0/0
 43898 | Vaults:4 | Reached skill level 5 in Stealth
 44586 | Elf:2    | Found Latusch's Distillery.
 44590 | Elf:2    | Bought 2 potions of heal wounds for 160 gold pieces
 44590 | Elf:2    | Bought a potion of curing for 48 gold pieces
 44590 | Elf:2    | Bought a potion of heal wounds for 80 gold pieces
 44962 | Elf:2    | Found Noputyxt's General Store.
 44978 | Elf:2    | Noticed Azrael
 44985 | Elf:2    | Killed Azrael
 45049 | Elf:2    | Found a runed translucent gate.
 45049 | Elf:2    | Found a runed translucent gate.
 45052 | Elf:2    | Found a runed translucent gate.
 45263 | Elf:3    | Entered Level 3 of the Elven Halls
 45344 | Elf:3    | Found Onopox's Antique Armour Shoppe.
 45555 | Elf:3    | Found Loaty's Armour Shop.
 45736 | Elf:3    | Identified the +0 plate armour of Good Intentions {rF-
                  | Int+4}
 46087 | Elf:3    | Identified the +0 plate armour of the Taurataur {Rampage
                  | rC+++ rCorr MP+9}
 46166 | Elf:3    | Identified the +2 demon whip of a wizard's laboratory
                  | {spect, *Corrode rN+++ Will+++ Int-5}
 46170 | Elf:3    | Identified the +4 hand axe of Starshine {freeze, Fly rElec
                  | Int-5 SInv}
 46181 | Elf:3    | Identified the +7 halberd "Gyeddog" {venom, rC+ Will+
                  | Str+2}
 46182 | Elf:3    | Identified the +9 broad axe of Conscience {freeze, rElec
                  | rC+ Dex+2 SInv}
 46189 | Elf:3    | Identified the +6 war axe of Imbalance {venom, *Noise Fly
                  | rN++ Stlth-}
 46198 | Elf:3    | Identified the staff of Distant Worlds {rN+ Conj Summ}
 47096 | Depths:3 | Identified the +5 halberd "Hablekha" {heavy, ^Contam rElec
                  | SInv}
 47118 | Depths:3 | Noticed a juggernaut
 47121 | Depths:3 | Killed a juggernaut
 47122 | Depths:3 | Reached XP level 25. HP: 192/206 MP: 0/0
 47122 | Depths:3 | Learned a level 9 spell: Fire Storm
 48292 | Depths:3 | Identified the +5 flail "Tegh" {drain, *Corrode rPois rC+
                  | Dex+9}
 48384 | Depths:3 | Found a one-way gateway to a ziggurat.
 48793 | Depths:4 | Entered Level 4 of the Depths
 48841 | Depths:4 | Found a stormy altar of Qazlal.
 48903 | Depths:4 | Identified the +0 quarterstaff "Hetheucs" {venom, rPois
                  | Int+6 SInv}
 48903 | Depths:4 | Noticed Boris
 48906 | Depths:4 | Killed Boris
 49568 | Depths:4 | Found a runed translucent door.
 49569 | Depths:4 | Found a runed translucent door.
 49569 | Depths:4 | Found a runed translucent door.
 49580 | Depths:4 | Found a runed translucent door.
 49604 | Depths:4 | Found a runed translucent door.
 49604 | Depths:4 | Found a runed translucent door.
 49638 | Depths:4 | Found a gate to the Realm of Zot.
 50522 | Swamp:4  | Killed Zenkrye's ghost
 50880 | Crypt:1  | Entered Level 1 of the Crypt
 50951 | Crypt:1  | Noticed Khufu
 50954 | Crypt:1  | Noticed a royal mummy
 50955 | Crypt:1  | Reached XP level 26. HP: 169/216 MP: 0/0
 50955 | Crypt:1  | Killed Khufu
 50958 | Crypt:1  | Killed a royal mummy
 51035 | Crypt:1  | Identified the +1 kite shield of Vehan {rElec rPois Dex-2}
 51035 | Crypt:1  | Noticed Donald
 51037 | Crypt:1  | Killed Donald
 51228 | Crypt:1  | Reached XP level 27. HP: 221/221 MP: 0/0
 51228 | Crypt:1  | Learned a level 9 spell: Chain Lightning
 51430 | Crypt:1  | Identified a scroll of acquirement
 51483 | Crypt:1  | Acquired 800 gold pieces
 51646 | Crypt:2  | Noticed Margery
 51652 | Crypt:2  | Killed Margery
 52004 | Crypt:2  | Found a runed translucent gate.
 52007 | Crypt:2  | Found a runed translucent gate.
 52007 | Crypt:2  | Found a runed translucent gate.
 52369 | Crypt:2  | Found a huge runed translucent gate.
 52369 | Crypt:2  | Found a huge runed translucent gate.
 52370 | Crypt:2  | Found a huge runed translucent gate.
 52370 | Crypt:2  | Found a huge runed translucent gate.
 52370 | Crypt:2  | Found a huge runed translucent gate.
 52371 | Crypt:2  | Found a huge runed translucent gate.
 52371 | Crypt:2  | Found a huge runed translucent gate.
 52373 | Crypt:2  | Found a huge runed translucent gate.
 52373 | Crypt:2  | Found a huge runed translucent gate.
 52453 | Crypt:2  | Found an opulent altar of Gozag.
 52454 | Crypt:2  | Noticed Ulecsuczon's ghost (veteran MiGl)
 52455 | Crypt:2  | Found Jaoch's Assorted Antiques.
 52623 | Crypt:3  | Entered Level 3 of the Crypt
 52890 | Crypt:3  | Identified the ring "Pebu Gia" {Fire rCorr Int+4}
 52927 | Crypt:3  | Found a basalt altar of Yredelemnul.
 53032 | Crypt:3  | Noticed Boris
 53042 | Crypt:3  | Killed Boris
 53307 | Crypt:3  | Identified the amulet "Soxypef" {Harm ^Fragile Will+
                  | Regen+}
 53307 | Crypt:3  | Identified the ring "Ycha" {rElec rN+}
 53307 | Crypt:3  | Identified the ring of Fymesu Sann {rN+ Int+6}
 53672 | Crypt:3  | Reached skill level 27 in Spellcasting
 53672 | Crypt:3  | Reached skill level 27 in Conjurations
 53672 | Crypt:3  | Reached skill level 27 in Hexes
 53672 | Crypt:3  | Reached skill level 27 in Summonings
 53672 | Crypt:3  | Reached skill level 27 in Necromancy
 53672 | Crypt:3  | Reached skill level 27 in Translocations
 53672 | Crypt:3  | Reached skill level 27 in Fire Magic
 53672 | Crypt:3  | Reached skill level 27 in Ice Magic
 53672 | Crypt:3  | Reached skill level 27 in Air Magic
 53672 | Crypt:3  | Reached skill level 27 in Earth Magic
 53672 | Crypt:3  | Reached skill level 27 in Alchemy
 53829 | Crypt:3  | Found a staircase to the Tomb.
 54413 | Vaults:5 | Entered Level 5 of the Vaults
 54447 | Vaults:5 | Noticed a dread lich
 54455 | Vaults:5 | Reached skill level 27 in Fighting
 54455 | Vaults:5 | Killed a dread lich
 54511 | Vaults:5 | Identified the staff "Qoqiskez" {rF+ Str+5 Dex+2 Fire}
 54525 | Vaults:5 | Noticed Boris
 54529 | Vaults:5 | Killed Boris
 54621 | Vaults:5 | Reached skill level 10 in Dodging
 54631 | Vaults:5 | Identified the ring of Accord {*Slow rN+++ Str+6 Dex+3}
 54634 | Vaults:5 | Noticed a dread lich
 54637 | Vaults:5 | Killed a dread lich
 55042 | Vaults:5 | Identified the +9 great sword "Pobulabe" {freeze, rElec
                  | Int+5} (You took it off a deep elf demonologist on level 5
                  | of the Vaults)
 55424 | Vaults:5 | Got a silver rune of Zot
 55654 | Vaults:5 | Identified the +15 plate armour "Ewkuaf" {Int+2}
 56153 | Lair:4   | Killed brinewave's ghost
 56247 | Hell     | Entered the Vestibule of Hell
 56247 | Hell     | Noticed Geryon
 56254 | Hell     | Killed Geryon
 56367 | Hell     | Noticed Murray
 56371 | Hell     | Killed Murray
 56459 | Hell     | Reached skill level 10 in Shields
 56705 | Hell     | Found a gateway to the decaying netherworld of Tartarus.
 56760 | Hell     | Found a gateway to the freezing wastes of Cocytus.
 56830 | Hell     | Found a gateway to the ashen valley of Gehenna.
 56979 | Hell     | Found a gateway to the Iron City of Dis.
 57760 | Slime:1  | Entered Level 1 of the Pits of Slime
 57949 | Slime:2  | Reached skill level 15 in Dodging
 58972 | Slime:5  | Entered Level 5 of the Pits of Slime
 59028 | Slime:5  | Gained mutation: You are frail. (-10% HP) [a shining eye]
 59051 | Slime:5  | Gained mutation: You are clumsy. (Dex -2) [a shining eye]
 59200 | Slime:5  | Noticed the Royal Jelly
 59670 | Slime:5  | Killed the Royal Jelly
 59681 | Slime:5  | Lost mutation: You have a pair of small antennae on your
                  | head. [potion of mutation]
 59681 | Slime:5  | Lost mutation: You are clumsy. (Dex -2) [potion of
                  | mutation]
 59681 | Slime:5  | Lost mutation: You occasionally lose the ability to drink
                  | potions when taking damage. [potion of mutation]
 59681 | Slime:5  | Gained mutation: You are weak. (Str -2) [potion of
                  | mutation]
 59681 | Slime:5  | Gained mutation: You possess an exceptional clarity of
                  | mind. [potion of mutation]
 59681 | Slime:5  | Gained mutation: Your movements are slightly less
                  | encumbered by armour. (ER -2) [potion of mutation]
 59682 | Slime:5  | Lost mutation: You are frail. (-10% HP) [potion of
                  | mutation]
 59682 | Slime:5  | Lost mutation: You possess an exceptional clarity of mind.
                  | [potion of mutation]
 59682 | Slime:5  | Lost mutation: You are weak. (Str -2) [potion of mutation]
 59682 | Slime:5  | Gained mutation: You are clumsy. (Dex -2) [potion of
                  | mutation]
 59888 | Slime:5  | Found the +7 lajatang of Order {silver, rMut}
 59909 | Slime:5  | Got a slimy rune of Zot
 59910 | Slime:5  | Identified the +7 trident "Wacs" {flame, SInv Stlth+}
 59918 | Slime:5  | Identified the +4 flail of the Heavens {venom, Int+3}
 59929 | Slime:5  | Identified the staff of In Flagrante Delicto {rF+ rN+ Conj
                  | Necro Fire}
 59972 | Slime:5  | Identified the +0 leather armour of Sin {rPois SInv}
 59977 | Slime:5  | Identified the staff "Fyampir" {rElec rCorr MP+9 Str-5
                  | Int+8 Air}
 59985 | Slime:5  | Identified the +4 sling "Dymnuso" {heavy, Int+4}
 60470 | Zig:1    | Entered Level 1 of a ziggurat
 60491 | Zig:2    | Entered Level 2 of a ziggurat
 60507 | Zig:3    | Entered Level 3 of a ziggurat
 60530 | Zig:4    | Entered Level 4 of a ziggurat
 60550 | Zig:4    | Identified the ring "Carghirgh" {Fly rElec rF- rN+ rCorr}
 60554 | Zig:5    | Entered Level 5 of a ziggurat
 60569 | Zig:5    | Identified the amulet of Meohirph {Reflect *Corrode rElec
                  | rF+ rN+ SH+5}
 60585 | Zig:6    | Entered Level 6 of a ziggurat
 60608 | Zig:6    | Identified the staff of Integrity {rElec rPois Str+3 Dex-5
                  | Conj}
 60615 | Zig:7    | Entered Level 7 of a ziggurat
 60625 | Zig:7    | Found the +5 demon whip "Spellbinder" {antimagic, disrupt,
                  | Will+}
 60652 | Zig:8    | Entered Level 8 of a ziggurat
 60676 | Zig:8    | Identified the +1 leather armour of Past Mistakes {rN+
                  | Regen+}
 60681 | Zig:8    | Identified the +4 storm dragon scales of Winter {rElec
                  | Dex+4}
 60683 | Zig:8    | Identified the +1 plate armour of Wuhadieh {Str+3 Dex+2}
 60694 | Zig:9    | Entered Level 9 of a ziggurat
 60700 | Zig:9    | Found the +8 trishula "Condemnation" {holy, anguish, *Noise
                  | Fly rN+}
 60850 | Zig:10   | Entered Level 10 of a ziggurat
 60905 | Zig:10   | Reached skill level 15 in Shields
 60908 | Zig:11   | Entered Level 11 of a ziggurat
 60917 | Zig:11   | Found the +8 autumn katana {manifold assault}
 60927 | Zig:11   | HP: 4/228 [Hell Sentinel/iron shot (47)]
 61115 | Zig:11   | Identified the +6 scimitar of the Land of Plenty {flame,
                  | Dex+2}
 61131 | Zig:12   | Entered Level 12 of a ziggurat
 61146 | Zig:12   | Noticed a royal mummy
 61147 | Zig:12   | Noticed a royal mummy
 61150 | Zig:12   | Killed a royal mummy
 61152 | Zig:12   | Killed a royal mummy
 61244 | Zig:12   | Identified the +6 quarterstaff of Resumed Hostilities
                  | {drain, rF+ Int+3 Dex+2}
 61265 | Zig:13   | Entered Level 13 of a ziggurat
 61335 | Zig:14   | Entered Level 14 of a ziggurat
 61346 | Zig:14   | Noticed an ancient lich
 61347 | Zig:14   | Noticed an ancient lich
 61349 | Zig:14   | Killed an ancient lich
 61350 | Zig:14   | Killed an ancient lich
 61367 | Zig:14   | Identified the +4 quick blade of Gozag's Castigation
                  | {venom, *Corrode Str+4}
 61371 | Zig:14   | Identified the ring "Pevis" {+Blink Int+6 Dex+4}
 61373 | Zig:14   | Identified the +0 leather armour of Honesty {rPois rC- rN++
                  | Str+2}
 61378 | Zig:14   | Identified the +3 war axe of Bitouh {spect, Str+3 Int+3}
 61414 | Zig:15   | Entered Level 15 of a ziggurat
 61495 | Zig:15   | Found the +10 Black Knight's barding {ponderous, rPois rN+}
 61509 | Zig:15   | Identified the +2 halberd of Vuapatot {drain, rN+ Stlth+}
 61514 | Zig:15   | Identified the ring "Hag Lot" {rElec MP+9 Dex+9}
 61537 | Zig:16   | Entered Level 16 of a ziggurat
 61552 | Zig:16   | Reached skill level 10 in Stealth
 61594 | Zig:16   | Identified the +4 fire dragon scales of the Louse {rF++ rC-
                  | Dex+2}
 61608 | Zig:17   | Entered Level 17 of a ziggurat
 61647 | Zig:17   | Identified the +0 pair of gloves of the Morning {+Blink
                  | Str+2 Slay+3}
 61652 | Zig:17   | Identified the +12 quarterstaff of Youthful Indiscretion
                  | {heavy, rF- Int+5 Dex+7}
 61657 | Zig:17   | Identified the +0 sling "Ziheh" {drain, rN+}
 61662 | Zig:17   | Identified the +0 robe "Jipn" {rElec rN+ Dex+2 Stlth+}
 61663 | Zig:17   | Identified the +6 chain mail of Stoicism {rN+ Will+ Str+3}
 61697 | Zig:18   | Entered Level 18 of a ziggurat
 61755 | Zig:18   | Identified the +10 rapier of Bonity {freeze, Fly rC+}
 61756 | Zig:18   | Identified the ring "Igittet" {rPois rF- Will+ Stlth+}
 61761 | Zig:18   | Identified the amulet of the Orange Skies {Acrobat +Inv
                  | Str+3}
 61780 | Zig:18   | Identified the +7 chain mail of Dogma {rF- Str+3 Int+2
                  | Slay+2}
 61836 | Zig:19   | Entered Level 19 of a ziggurat
 61886 | Zig:19   | Found the +16 obsidian axe {drain, demonic, Mesm ^Drain Fly
                  | SInv}
 61902 | Zig:19   | Identified the ring of Boojut {Will+ Dex+3 Stlth+}
 61914 | Zig:19   | Identified the +1 scale mail of Xunasuiryf {Str+4 Dex+3}
 61915 | Zig:19   | Identified the +1 broad axe "Weoreorgh" {pain, Will+ Int+2
                  | Dex+2}
 61919 | Zig:19   | Identified the +8 mace "Riaca" {spect, *Noise rC+ Int+5}
 61973 | Zig:20   | Entered Level 20 of a ziggurat
 62029 | Zig:20   | Identified the +1 chain mail "Rukliawu" {rC++}
 62036 | Zig:20   | Identified the ring "Weps" {rN+ rCorr Str+3 Dex+3}
 62042 | Zig:20   | Identified the +4 war axe of Sonin {heavy, Str+2}
 62055 | Zig:20   | Identified the ring "Toaceino" {MP+9 Int+3 Dex+4}
 62073 | Zig:20   | Identified the +5 dagger "Myihiorr" {heavy, rElec}
 62076 | Zig:20   | Identified the +1 chain mail "Bifosch" {rN+ Str+2}
 62111 | Zig:21   | Entered Level 21 of a ziggurat
 62124 | Zig:21   | Noticed a dread lich
 62125 | Zig:21   | Killed a dread lich
 62130 | Zig:21   | Noticed a dread lich
 62133 | Zig:21   | Killed a dread lich
 62133 | Zig:21   | Noticed an ancient lich
 62134 | Zig:21   | Noticed a dread lich
 62136 | Zig:21   | Killed a dread lich
 62137 | Zig:21   | Killed an ancient lich
 62282 | Zig:21   | Identified the ring of Fedhas's Vengeance {Ice Will+}
 62286 | Zig:21   | Identified the staff of Ecoet {rElec rC+ rCorr Dex-5 Fire
                  | Air}
 62325 | Zig:22   | Entered Level 22 of a ziggurat
 62345 | Zig:22   | Noticed Syerif the pandemonium lord
 62348 | Zig:22   | Killed Syerif the pandemonium lord
 62418 | Zig:22   | Found the +4 Cigotuvi's embrace {Corpsefed rMiasma ^Drain
                  | rN+}
 62473 | Zig:22   | Identified the +5 leather armour "Darahub" {Harm rPois
                  | Slay+2}
 62519 | Zig:23   | Entered Level 23 of a ziggurat
 62685 | Zig:23   | Identified the +5 falchion of Undoing {flame, *Noise rF+
                  | Dex+4 Stlth+}
 62731 | Zig:23   | Identified the +3 war axe "Xivakaan" {venom, rF- rC+ Int+4}
 62733 | Zig:23   | Identified the orb of Daisies {*channel, Str+5}
 62746 | Zig:23   | Identified the amulet "Voerghoru" {Faith +Inv Int+3 Slay-3
                  | SInv}
 62783 | Zig:24   | Entered Level 24 of a ziggurat
 62881 | Zig:24   | Identified the +5 trident "Inyi" {freeze, rC+}
 62882 | Zig:24   | Identified the ring "Biej" {rElec rCorr Stlth+}
 62895 | Zig:24   | Identified the staff of Yeast {rElec rN+ Will+ Necro Ice}
 62918 | Zig:24   | Identified the +2 falchion "Conservator" {freeze, Int+7}
 62941 | Zig:25   | Entered Level 25 of a ziggurat
 62957 | Zig:25   | Reached skill level 27 in Dodging
 62965 | Zig:25   | Reached skill level 15 in Stealth
 62969 | Zig:25   | Noticed Kibruno the pandemonium lord
 62973 | Zig:25   | Killed Kibruno the pandemonium lord
 63011 | Zig:25   | Identified the +9 great sword of Uwkingel {chaos, rF- rC+++
                  | Str+3}
 63012 | Zig:25   | Identified the +1 scale mail of the Turtledove {rElec rC+
                  | Int+3}
 63038 | Zig:25   | Identified the ring "Ruguripad" {rPois Dex+5}
 63089 | Zig:26   | Entered Level 26 of a ziggurat
 63171 | Zig:26   | Identified the +3 hand axe of Moderation {drain, rElec
                  | Will++ Int-4}
 63176 | Zig:26   | Identified the ring "Asmeheot" {+Blink rN++ Int+6 Dex-3
                  | Stlth+}
 63188 | Zig:26   | Identified the amulet "Axzeng" {Spirit Harm Str-4 Slay+3}
 63199 | Zig:26   | Identified the ring "Ucar" {Fire Fly rElec Str-2 Int-5}
 63213 | Zig:26   | Identified the +4 rapier of Vimp {freeze, Str+2 Dex+3}
 63236 | Zig:27   | Entered Level 27 of a ziggurat
 63237 | Zig:27   | Noticed a royal mummy
 63246 | Zig:27   | Killed a royal mummy
 63334 | Zig:27   | Noticed a dread lich
 63338 | Zig:27   | Killed a dread lich
 63342 | Zig:27   | Noticed a dread lich
 63346 | Zig:27   | Killed a dread lich
 63383 | Zig:27   | Identified the ring "Makhliric" {rCorr Int+4}
 63386 | Zig:27   | Identified the amulet "Gottyuts" {Acrobat *Slow rN+ Regen+
                  | Str+6}
 63403 | Zig:27   | Identified the +9 demon blade of Jafall {flame, *Rage rElec
                  | Will+ Dex+3}
 63424 | Zig:27   | Identified the amulet "Puittune" {Reflect +Blink rPois rC-
                  | SH+5}
 63426 | Zig:27   | Identified the +0 morningstar of the Final Chapter {vamp,
                  | rN+ Str+7}
 64014 | Tomb:1   | Entered Level 1 of the Tomb of the Ancients
 64567 | Tomb:1   | Noticed a royal mummy
 64576 | Tomb:1   | Killed a royal mummy
 65185 | Tomb:1   | Noticed a royal mummy
 65192 | Tomb:1   | Killed a royal mummy
 65710 | Tomb:1   | Reached skill level 5 in Evocations
 66713 | Elf:2    | Reached skill level 27 in Shields
 67730 | Geh:1    | Entered Level 1 of Gehenna
 67955 | Coc:1    | Entered Level 1 of Cocytus
 67962 | Coc:1    | Noticed an ancient lich
 67966 | Coc:1    | Killed an ancient lich
 68278 | Coc:2    | Noticed a shard shrike
 68280 | Coc:2    | Killed a shard shrike
 68291 | Coc:2    | Noticed a shard shrike
 68294 | Coc:2    | Killed a shard shrike
 70132 | Coc:5    | Noticed a shard shrike
 70138 | Coc:5    | Noticed a shard shrike
 70139 | Coc:5    | Noticed a shard shrike
 70140 | Coc:5    | Killed a shard shrike
 70141 | Coc:5    | Killed a shard shrike
 70203 | Coc:5    | Killed a shard shrike
 70319 | Coc:6    | Noticed a shard shrike
 70321 | Coc:6    | Killed a shard shrike
 70355 | Coc:6    | Paralysed by a wendigo for 1 turns
 70813 | Coc:6    | Noticed a shard shrike
 70817 | Coc:6    | Noticed a shard shrike
 70819 | Coc:6    | Killed a shard shrike
 70827 | Coc:6    | Killed a shard shrike
 70852 | Coc:6    | Noticed a shard shrike
 70854 | Coc:6    | Killed a shard shrike
 71343 | Coc:7    | Entered Level 7 of Cocytus
 71633 | Coc:7    | Reached skill level 10 in Evocations
 71645 | Coc:7    | Noticed a shard shrike
 71678 | Coc:7    | Paralysed by a wendigo for 1 turns
 71717 | Coc:7    | Noticed a shard shrike
 71721 | Coc:7    | Killed a shard shrike
 71724 | Coc:7    | HP: 3/228 [Ice Fiend] (8)]
 71725 | Coc:7    | Killed by arc of chain lightning

Illustrated notes

Levels and vault maps discovered:
D:1:      amcnicky_arrival_flooded_fountain, layout_basic, nrook_campfire,
          kennysheep_nondescript, fountainhead, st_stairs_12
D:2:      layout_loops_ring, uniq_sigmund, uniq_crazy_yiuf_cottage
D:3:      wad_crossroads, layout_basic, dreamdust_ecumenical_altar_grove
D:4:      layout_loops_corners, mainiacjoe_overflow_chevrons,
          overflow_temple_1_default, nicolae_elyvilon_temple_path, temple_hall
D:5:      gammafunk_wand_slinger, layout_gridville, kennysheep_mini,
          eino_curves_02, minmay_statues_item
D:6:      layout_basic, general_overflow_altar, trog_butcher_becter,
          mainiacjoe_ossuary_entry_dusty_tomb, serial_shops,
          nicolae_shop_pleasant_corner_grove
D:7:      layout_basic, mainiacjoe_overflow_alcove_2
D:8:      layout_basic, makhleb_grotto_becter
D:9:      layout_basic, worldfamousw_hep_ancestral_shrine,
          mainiacjoe_overflow_small_starburst, minmay_lair_entry_grove,
          serial_shops, nicolae_shop_gibbet_a_chance, nicolae_shop_hallway_plus,
          nicolae_shop_just_a_little_nook, shop, corexii_leaking_fountain,
          uniq_gastronok
D:10:     layout_long_grid, nemelex_xobeh_ov_fountains_minmay,
          marbit_many_paths, orc_0_dummy
D:11:     layout_long_grid, enter_trove_1, uniq_snorg
D:12:     minmay_opposing_rooms, layout_loops_ring
D:13:     layout_stronghold, hangedman_vaults_entry_quadrant_bands,
          uniq_josephine
D:14:     layout_roguey, nicolae_ru_sacrificial_ziggurat, slow_altar_2,
          uniq_lodul, uniq_agnes
D:15:     hangedman_depths_entry_civil_slaughter, layout_loops_cross,
          minmay_misc_feat_rugged, dreamdust_wishing_well, glass_columns_c
Temple:   compressed_dpeg_circular_temple
Lair:1:   layout_roguey
Lair:2:   dreamdust_cave_troll, layout_hall_layers, minmay_swamp_entry_swarm,
          dummy_snake_entry
Lair:3:   beast_lair_carwin_large_2, layout_cave_pods, uniq_kirke
Lair:4:   cheibrodos_lair_overgrown_chateau, layout_regular_city,
          maelrawn_ghost_gauntlet_escape
Lair:5:   evil_forest, layout_cave_pods, nicolae_slime_entry_slimehenge,
          wad_woods_river_02, minmay_lair_drake_nest
Swamp:1:  layout_basic_swamp, ebering_ghost_inner_flame,
          nicolae_swamp_trees_clearing
Swamp:2:  layout_basic_swamp, nicolae_swamp_triple_paths, swamp_pool_4,
          grunt_hermit_hut, nicolae_swamp_decorative_isthmus
Swamp:3:  layout_basic_swamp, nicolae_swamp_tree_isthmus,
          hangedman_swamp_phenomena
Swamp:4:  swamp_basic_johnstein, layout_basic_swamp,
          ebering_ghost_funeral_grove, uniq_nikola
Snake:1:  layout_onion_interference, serial_shops, nicolae_square_shop,
          nicolae_snake_single_loop, nicolae_snake_linked_coils, st_stairs_3,
          nicolae_snake_herptile_family_reunion
Snake:2:  layout_misc_corridors, serial_shops, nicolae_stop_n_shop_1,
          grunt_ministairs_4, nicolae_snake_double_loop
Snake:3:  layout_concentric_octagons, uniq_aizul, uniq_mara
Snake:4:  grunt_snake_rune_pools, layout_gridlike, grunt_ministairs_9,
          minmay_snake_pond
Slime:1:  layout_caves
Slime:2:  layout_caves, nicolae_slime_crime_time
Slime:3:  layout_caves
Slime:4:  layout_caves
Slime:5:  slime_pit_nicolae_royal_road_to_ruin
Orc:1:    layout_caves, serial_shops, shop, basic_altar
Orc:2:    st_orc_rangers, layout_caves, portal_ice_cave_entry_ice_simulacra,
          uniq_sonja
Elf:1:    nicolae_elf_arrival_no_cutting_in_line, layout_geoelf_grid,
          minmay_elf_demonology
Elf:2:    nicolae_elf_blades_splatter_lattice [nicolae_blade_little_rooms],
          layout_geoelf_octagon, serial_shops,
          nicolae_shop_temple_entry_statues_fountains, nicolae_shop_stone,
          st_stairs_10, uniq_azrael
Elf:3:    elf_hall_gauntlet_narrow, layout_loops_ring, serial_sigils,
          serial_sigils_hangedman_snap, serial_sigils_hangedman_stare,
          serial_sigils_hangedman_etch, serial_sigils_hangedman_writhe,
          serial_sigils_hangedman_quiver, serial_shops,
          nicolae_shop_hallway_plus, shop, basic_altar, minivault_16,
          nicolae_fountain_basement
Vaults:1: st_octagons_1, vaults_room_door_ring, nicolae_vaults_trapezoid_2,
          nicolae_vaults_wrenched, ontoclasm_vaults_idyll,
          nicolae_vaults_rhombus_7, nicolae_vaults_closet_pinwheel_1,
          nicolae_vaults_alarming, nicolae_vaults_storage_room_glass,
          nicolae_vaults_trapezoid_1, grunt_vaults_twisty, v_alt_pattern_6,
          layout_vaults_omnigrid, serial_shops, nicolae_diamond_shop,
          uniq_saint_roka
Vaults:2: nicolae_vaults_house_2, nicolae_vaults_little_guard_posts,
          nicolae_vaults_shrinking_rooms_1, nicolae_vaults_asterisk,
          nicolae_vaults_steering_wheel, nicolae_vaults_tetromino_T_2,
          nicolae_vaults_stepped_doors, nicolae_vaults_surprise_closet,
          hangedman_vaults_locks, v_misc_10, ontoclasm_vaults_idyll,
          nicolae_vaults_little_squares_6, nicolae_vaults_double_plus_2,
          v_misc_8, layout_vaults_omnibox, serial_shops, nicolae_shop_stone
Vaults:3: v_misc_27, v_misc_30, nicolae_vaults_trapezoid_2,
          minmay_crypt_entry_necro_gods, nicolae_vaults_storage_closets_1,
          nicolae_vaults_shelves_hall, grunt_vaults_diagonal,
          nicolae_vaults_diamond_1, v_misc_25, ontoclasm_vaults_eye,
          vaults_room_fours, dpeg_vaults_monster_box, nicolae_vaults_house_3,
          ontoclasm_vaults_pinch, layout_vaults_big_room, serial_shops, shop,
          uniq_xtahua
Vaults:4: vaults_mumra_chevron_long, nicolae_vaults_little_squares_3,
          nicolae_vaults_little_squares_5, nicolae_vaults_tetromino_T_1,
          v_rooms_2, dpeg_vaults_monster_row,
          nicolae_vaults_corridor_and_loot_room, minmay_orc_keep,
          nicolae_vaults_angled_halls, layout_vaults_omnicross
Vaults:5
Crypt:1:  layout_basic, minmay_strange_pillars,
          grunt_crypt_arrival_guarded_gate, grunt_megastairs_5, uniq_khufu,
          uniq_donald
Crypt:2:  cheibrodos_crypt_3hun_7po, layout_regular_city, ebering_ghost_gozag,
          nicolae_crypt_lurching_hallway, uniq_margery
Crypt:3:  grunt_crypt_end_deaths_head
Tomb:1
Depths:1: layout_gridlike, hell_entry, pan_entry, serial_co_window_serial,
          co_window_of_opportunity_a, co_window_corner_a, co_window_paths_a,
          co_window_corner_a, co_window_of_opportunity_a, co_window_corner_a,
          co_window_corner_b, co_window_of_opportunity_b, co_window_broadway_c,
          co_window_corner_ca, co_window_4corner_a, co_window_sun,
          glass_columns_b, glass_columns_c, glass_columns_b, skrybe_limestone_x,
          uniq_norris
Depths:2: kennysheep_large_vault, layout_basic, hell_entry,
          hellmonk_ghost_happy_afterlife, serial_shops,
          nicolae_shop_bloodbath_and_beyond, grunt_pan_entry_in_and_out
Depths:3: minmay_swirls_squares, layout_honeycomb, enter_ziggurat_f,
          abyss_entry, hell_entry, chequers_decorated_corner,
          minmay_misc_feat_cross, minmay_staircase_statues_hall_small
Depths:4: evilmike_zot_entry_castle, layout_basic,
          nicolae_abyss_entry_one_way_or_another, grunt_qazlal_clouds,
          grunt_hell_horde, uniq_boris
Hell
Geh:1:    layout_gehenna_lava_caves
Coc:1:    layout_cocytus_delve
Coc:2:    layout_ice_bergs, nicolae_coc_statues_of_limitations
Coc:3:    layout_cocytus_water_paths
Coc:4:    layout_cocytus_delve
Coc:5:    layout_cocytus_water_paths
Coc:6:    nicolae_coc_three_mouths, layout_cocytus_water_paths
Coc:7:    coc_dpeg

Skill      XL: |  1  2  3  4  5  6  7  8  9 10 11 12 13 14 15 16 17 18 19 20 21 22 23 24 25 26 27 |
---------------+----------------------------------------------------------------------------------+-----
Fighting       | 1 3 4 6 8 10 11 13 14 16 17 18 19 20 21 22 23 24 25 27 | 27.0
Stealth        | 2 3 4 5 23 | 23.1
Spellcasting   | 4 5 6 7 9 10 11 13 14 15 16 17 19 20 21 22 23 24 25 26 27 | 27.0
Conjurations   | 4 5 6 7 9 10 11 13 14 15 16 17 19 20 21 22 23 24 25 26 27 | 27.0
Hexes          | 4 5 6 7 9 10 11 13 14 15 16 17 19 20 21 22 23 24 25 26 27 | 27.0
Summonings     | 4 5 6 7 9 10 11 13 14 15 16 17 19 20 21 22 23 24 25 26 27 | 27.0
Necromancy     | 4 5 6 7 9 10 11 13 14 15 16 17 19 20 21 22 23 24 25 26 27 | 27.0
Translocations | 4 5 6 7 9 10 11 13 14 15 16 17 19 20 21 22 23 24 25 26 27 | 27.0
Fire Magic     | 4 5 6 7 9 10 11 13 14 15 16 17 19 20 21 22 23 24 25 26 27 | 27.0
Ice Magic      | 4 5 6 7 9 10 11 13 14 15 16 17 19 20 21 22 23 24 25 26 27 | 27.0
Air Magic      | 4 5 6 7 9 10 11 13 14 15 16 17 19 20 21 22 23 24 25 26 27 | 27.0
Earth Magic    | 4 5 6 7 9 10 11 13 14 15 16 17 19 20 21 22 23 24 25 26 27 | 27.0
Alchemy        | 4 5 6 7 9 10 11 13 14 15 16 17 19 20 21 22 23 24 25 26 27 | 27.0
Armour         | 1 2 3 4 5 6 |  6.4
Dodging        | 3 4 5 6 27 | 27.0
Shields        | 1 2 3 6 27 | 27.0
Evocations     | 10 | 10.4

Action                     |  1- 3 |  4- 6 |  7- 9 | 10-12 | 13-15 | 16-18 | 19-21 | 22-24 | 25-27 || total
---------------------------+-------+-------+-------+-------+-------+-------+-------+-------+-------++-------
  Melee: Staff             |       |     6 |       |    11 |     1 |       |       |       |       ||    18
   Cast: Foxfire           |    89 |   110 |   211 |   190 |   364 |   304 |       |       |       ||  1268
         Scorch            |     5 |     6 |    24 |    46 |   136 |    58 |       |       |       ||   275
         Flame Wave        |       |     2 |       |     7 |    35 |    61 |     3 |       |     1 ||   109
         Inner Flame       |       |       |    33 |   114 |   195 |   239 |    13 |       |       ||   594
         Leda's Liquefacti |       |       |       |     1 |     1 |       |       |     1 |       ||     3
         Irradiate         |       |       |       |       |    17 |     8 |     3 |     3 |       ||    31
         Volatile Blastmot |       |       |       |       |     2 |       |       |       |       ||     2
         Plasma Beam       |       |       |       |       |       |   225 |   422 |   636 |     2 ||  1285
         Dispersal         |       |       |       |       |       |     3 |       |       |     1 ||     4
         Conjure Ball Ligh |       |       |       |       |       |       |    22 |     3 |       ||    25
         Lehudib's Crystal |       |       |       |       |       |       |       |    20 |    15 ||    35
         Fire Storm        |       |       |       |       |       |       |       |       |   273 ||   273
         Chain Lightning   |       |       |       |       |       |       |       |       |  1215 ||  1215
  Evoke: Wand              |       |       |       |     1 |     5 |       |       |       |     5 ||    11
    Use: Scroll            |       |     9 |     1 |     4 |     4 |     1 |     1 |     3 |     4 ||    27
         Potion            |       |     4 |     4 |     3 |     2 |     2 |       |       |    25 ||    40
 Armour: Robe              |     4 |     7 |     2 |       |       |       |       |       |       ||    13
         Leather armour    |       |       |    12 |    65 |   161 |       |       |       |       ||   238
         Troll leather arm |       |       |       |       |   197 |   186 |       |       |       ||   383
         Animal skin       |       |       |       |       |       |   213 |   122 |    94 |   318 ||   747
         Skin              |       |       |       |       |       |       |       |       |     5 ||     5
  Dodge: Dodged            |     7 |     8 |    10 |    31 |   122 |   144 |    15 |    27 |    77 ||   441
  Block: Buckler           |       |       |       |       |       |    61 |       |       |       ||    61
         Tower shield      |       |       |       |       |       |       |    47 |    55 |       ||   102
         Kite shield       |       |       |       |       |       |       |       |       |    56 ||    56
         Reflection        |       |       |       |       |       |       |       |       |    10 ||    10
